 Dungeon Crawl Stone Soup version 0.20.1-1-g8b1a95d (webtiles) character file.

67 happy2pester the Skirmisher (level 4, -2/40 HPs)
             Began as a Hill Orc Fighter on Dec 28, 2017.
             Slain by a centaur (3 damage)
             ... on level 6 of the Dungeon.
             The game lasted 00:03:52 (1746 turns).

happy2pester the Skirmisher (Hill Orc Fighter)      Turns: 1746, Time: 00:03:52

Health: -2/40      AC:  7    Str: 18 (19) XL:     4   Next: 18%
Magic:  4/4        EV:  7    Int:  6 (8)  God:
Gold:   159        SH:  9    Dex:  8 (10) Spells: 3/3 levels left

rFire    . . .     SeeInvis .   a - +0 flail
rCold    + . .     Gourm    .   c - +0 shield
rNeg     . . .     Faith    .   b - +0 scale mail
rPois    .         Spirit   .   (no helmet)
rElec    .         Reflect  .   (no cloak)
rCorr    .         Harm     .   (no gloves)
MR       .....                  (no boots)
Stlth    ..........             (no amulet)
Regen    0.2/turn               e - ring of protection from cold
MPRegen  0.1/turn               (no ring)

@: no status effects
A: no striking features
a: no special abilities


You were on level 6 of the Dungeon.
You were not hungry.

You visited 1 branch of the dungeon, and saw 4 of its levels.

You collected 159 gold pieces.

Inventory:

Hand Weapons
 a - a +0 flail (weapon)
Armour
 b - a +0 scale mail (worn)
 c - a +0 shield (worn)
 h - a +0 pair of gloves
Jewellery
 e - a ring of protection from cold (left hand)
 k - a +5 ring of intelligence
Scrolls
 g - a scroll of amnesia
 n - a scroll of recharging
Potions
 d - 2 potions of might
 j - a potion of magic {unknown}
 l - a potion of lignification
 m - a potion of curing
 o - a potion of berserk rage {unknown}
Comestibles
 f - a bread ration
 i - a meat ration


   Skills:
 + Level 4.0 Fighting
 + Level 3.1 Maces & Flails
 + Level 4.0 Armour
 + Level 0.1 Dodging
 + Level 3.8 Shields


You had 3 spell levels left.
You didn't know any spells.

Dungeon Overview and Level Annotations

Branches:
Dungeon (3/15)

Altars:
Makhleb
Okawaru
Trog


Message History

The centaur wields a shortbow.
The centaur shoots an arrow.
The arrow hits you.
You see here a scroll of remove curse.
The centaur shoots an arrow.
The arrow hits you!
You see here an arrow.
The centaur shoots an arrow.
The arrow hits you!
* * * LOW HITPOINT WARNING * * *
The centaur shoots an arrow.
The arrow hits you but does no damage.
The centaur unwields an uncursed shortbow.
The centaur hits you!
* * * LOW HITPOINT WARNING * * *
You hit the centaur.
The centaur is lightly wounded.
The centaur hits you but does no damage.
The centaur completely misses you.
You hit the centaur.
The centaur is moderately wounded.
The centaur hits you.
* * * LOW HITPOINT WARNING * * *
The centaur hits you.
You die...

###### #..#
####.###### #
#.........# .#
#....#.♣.♣.#.# #.##
.............##...#
#....♣.♣.♣.♣......#
##......_.?.......
..#.♣.♣.♣(♣..##.#
#.#..%.....@.#
#.#.♣.♣.#.c#
#.........##
#..##.##### .. ...
# .#. # #. #


You could see a centaur.

Vanquished Creatures
  Jessica (D:3)
  An ooze (D:1)
  A worm (D:3)
  A leopard gecko (D:2)
  4 bats
  2 giant cockroaches
  4 goblins
  6 hobgoblins
  A jackal (D:1)
  2 quokkas
  3 frilled lizards
  A kobold (D:1)
  6 rats
33 creatures vanquished.

Notes
Turn   | Place    | Note
-------+----------+-------------------------------------------
     0 | D:1      | happy2pester the Hill Orc Fighter began the quest for the Orb.
     0 | D:1      | Reached XP level 1. HP: 19/19 MP: 1/1
   141 | D:1      | Reached XP level 2. HP: 27/27 MP: 2/2
   595 | D:1      | Found a burning altar of Makhleb.
   956 | D:2      | Found a bloodstained altar of Trog.
   978 | D:2      | Reached XP level 3. HP: 33/33 MP: 3/3
  1616 | D:3      | Noticed Jessica
  1633 | D:3      | Killed Jessica
  1633 | D:3      | Reached XP level 4. HP: 18/40 MP: 4/4
  1717 | D:3      | You fall through a shaft for 3 floors!
  1733 | D:6      | Found an iron altar of Okawaru.
  1740 | D:6      | Noticed a centaur
  1744 | D:6      | HP: 1/40 [centaur (8)]
  1746 | D:6      | Slain by a centaur

Skill      XL: |  1  2  3 |
---------------+----------+-----
Fighting       | 4 |  4.0
Maces & Flails | 3 |  3.1
Armour         | 4 |  4.0
Dodging        | |  0.1
Shields        | |  3.8

Action                   |  1- 3 |  4- 6 || total
-------------------------+-------+-------++-------
Melee: Flail             |    82 |    19 ||   101
  Use: Scroll            |     5 |       ||     5
       Potion            |     4 |       ||     4
  Eat: Chunk             |     2 |     1 ||     3
Armor: Scale mail        |    34 |    12 ||    46
Dodge: Dodged            |    22 |     8 ||    30
Block: Shield            |    35 |    13 ||    48
